 Dungeon Crawl Stone Soup version 0.25-a0-290-g4a1327ee3a (webtiles) character file.

Game seed: 10200208057820183508, levelgen mode: deterministic

35 night the Skirmisher (level 3, -1/61 HPs)
             Began as an Ogre Berserker on Dec 13, 2019.
             Was a Follower of Trog.
             Slain by a gnoll
             ... wielding a +0 halberd
              (5 damage)
             ... on level 2 of the Dungeon.
             The game lasted 00:02:08 (1249 turns).

night the Skirmisher (Ogre Berserker)               Turns: 1249, Time: 00:02:09

Health: -1/61      AC:  3    Str: 26    XL:     3   Next: 35%
Magic:  3/3        EV: 10    Int:  9    God:    Trog [*.....]
Gold:   81         SH:  0    Dex:  8    Spells: 2/2 levels left

rFire    . . .     SeeInvis .   r - +2 mace (crush)
rCold    . . .     Gourm    .   (no shield)
rNeg     . . .     Faith    .   b - +0 animal skin
rPois    .         Spirit   .   (helmet restricted)
rElec    .         Reflect  .   (no cloak)
rCorr    .         Harm     .   (gloves unavailable)
MR       .....                  (boots unavailable)
Stlth    ..........             (no amulet)
HPRegen  0.20/turn              (no ring)
MPRegen  0.08/turn              (no ring)

@: berserking, very quick
A: large, unfitting armour, tough skin 1
a: Berserk, Renounce Religion


You were on level 2 of the Dungeon.
You worshipped Trog.
Trog was aware of your devotion.
You were hungry.

You visited 1 branch of the dungeon, and saw 2 of its levels.

You collected 81 gold pieces.

Inventory:

Hand Weapons
 a - a +0 mace
 d - a +4 whip of venom
 r - a +2 mace of crushing (weapon)
Missiles
 g - 5 curare-tipped darts (quivered)
 h - 30 poisoned darts
Armour
 b - a +0 animal skin (worn)
Scrolls
 f - 5 scrolls of identify {unknown}
 k - 3 scrolls of immolation {unknown}
 l - 2 scrolls of teleportation {unknown}
 n - a scroll of blinking {unknown}
 o - a scroll of magic mapping {unknown}
Potions
 e - 3 potions of curing {unknown}
 i - 2 potions of lignification {unknown}
 j - a potion of magic {unknown}
 m - a potion of might {unknown}
 p - 2 potions of degeneration {unknown}
Comestibles
 c - 5 rations
 q - 2 chunks of flesh


   Skills:
 + Level 4.9 Fighting
 + Level 3.3 Maces & Flails
 - Level 2.6 Dodging


You had 2 spell levels left.
You didn't know any spells.
Your spell library was empty.

Dungeon Overview and Level Annotations

Branches:
Dungeon (2/15)

Altars:


Innate Abilities, Weirdness & Mutations

You are too large for most types of armour.
You have tough skin. (AC +1)


Message History

The gnoll is almost dead.
The gnoll hits you from afar with a +0 spear!
* * * LOW HITPOINT WARNING * * *
You barely miss the gnoll.
The gnoll is almost dead.
The gnoll barely misses you. The gnoll closely misses you.
The gnoll hits you from afar with a +0 spear.
* * * LOW HITPOINT WARNING * * *
You thump the gnoll!
You kill the gnoll!
Trog accepts your kill. The gnoll barely misses you.
The gnoll hits you from afar with a +0 spear.
* * * LOW HITPOINT WARNING * * *
You see here a +0 whip.
You completely miss the gnoll.
The gnoll is moderately wounded.
You are feeling hungry.
The gnoll hits you with a +0 halberd.
You die...

#.........#
#......####
#......#
##.....# ..
#.....#
.....###.....#
......g......#
.....###.....#
#...g@.....#
#..........#
#..........#
#.....)#####
#....!.#
########


You could see a gnoll.

Vanquished Creatures
  A gnoll (D:2)
  A dart slug (D:1)
  A giant cockroach (D:1)
  3 goblins (D:1)
  A hobgoblin (D:1)
  7 jackals
  2 bats (D:1)
  3 kobolds
  3 rats (D:1)
22 creatures vanquished.

Notes
Turn   | Place    | Note
-------+----------+-------------------------------------------
     0 | D:1      | night the Ogre Berserker began the quest for the Orb.
     0 | D:1      | Reached XP level 1. HP: 24/24 MP: 1/1
   243 | D:1      | Reached XP level 2. HP: 33/33 MP: 2/2
  1171 | D:2      | Reached XP level 3. HP: 40/40 MP: 3/3
  1249 | D:2      | Slain by a gnoll

Levels and vault maps discovered:
D:1:      dpeg_arrival_water_altar, layout_loops_ring
D:2:      layout_basic, first_ration

Skill      XL: |  1 |
---------------+----+-----
Maces & Flails | 3 |  3.3
Fighting       | |  4.9
Dodging        | |  2.6

Action                   || total
-------------------------++-------
Melee: Mace              ||    43
       Whip              ||    13
Invok: Berserk           ||     3
  Eat: Chunk             ||     3
Armor: Animal skin       ||    25
Dodge: Dodged            ||    31

Table legend:
 A = Non-vault XP
 B = Vault XP
 C = Vault XP percentage of total XP
 D = Non-vault monster count
 E = Vault monster count
 F = Vault count percentage of total count
                 A         B        C        D         E       F
            +---------+---------+-------+---------+---------+-------
      Total |      51 |       0 |   0.0 |      22 |       0 |   0.0
            +---------+---------+-------+---------+---------+-------
        D:1 |      28 |       0 |   0.0 |      16 |       0 |   0.0
        D:2 |      23 |       0 |   0.0 |       6 |       0 |   0.0
            +---------+---------+-------+---------+---------+-------
